 Dungeon Crawl Stone Soup version 0.28.0-1-gb440e238dd (webtiles) character file.

Game seed: 15238687448514762223

3838 Kaptain the Thaumaturge (level 9, -16/51 HPs)
             Began as a Deep Elf Earth Elementalist on Feb 20, 2022.
             Shot with an arrow by a centaur warrior (24 damage)
             ... on level 9 of the Dungeon.
             The game lasted 00:24:46 (8606 turns).

Kaptain the Thaumaturge (DEEE)                      Turns: 8606, Time: 00:24:46

Health: -16/51     AC:  6    Str:  5    XL:     9   Next: 98%
Magic:  18/24      EV: 14    Int: 29    God:
Gold:   276        SH:  0    Dex: 15    Spells: 22/26 levels left

rFire   . . .      SeeInvis .   s - +5 mace (holy)
rCold   . . .      Faith    .   (no shield)
rNeg    . . .      Spirit   .   o - +2 robe of the Playwright {rCorr Int+4 Archmagi}
rPois   .          Reflect  .   q - +0 helmet
rElec   .          Harm     .   r - +0 cloak
rCorr   +          Rampage  .   (no gloves)
Will    .....      Archmagi +   (no boots)
Stlth   +++.......              (no amulet)
HPRegen 0.17/turn               (no ring)
MPRegen 0.19/turn               (no ring)

@: no status effects
A: no striking features
a: no special abilities


You were on level 9 of the Dungeon.
You visited 2 branches of the dungeon, and saw 11 of its levels.
You also visited: Sewer and Ossuary.

You collected 276 gold pieces.

Inventory:

Hand Weapons
 s - a +5 mace of holy wrath (weapon)
 u - a +1 dagger of protection
 y - a +4 short sword
 A - a +6 spectral quarterstaff
Missiles
 c - 150 stones
Armour
 k - +0 steam dragon scales
 o - the +2 robe of the Playwright (worn) {rCorr Int+4 Archmagi}
   (You found it on level 4 of the Dungeon)

   Int:       It affects your intelligence (+4).
   rCorr:     It protects you from acid and corrosion.
   Archmagi:  It increases the power of your magical spells.
 q - a +0 helmet (worn)
 r - a +0 cloak (worn)
Magical Staves
 d - a staff of poison
 f - a staff of death
Wands
 j - a wand of digging (7)
 l - a wand of iceblast (8)
 v - a wand of polymorph (11)
Scrolls
 g - a scroll of summoning
 m - 2 scrolls of blinking
 t - 3 scrolls of immolation
 w - a scroll of fear
Potions
 a - 2 potions of curing
 b - 2 potions of lignification
 e - a potion of might
 h - 4 potions of mutation
 n - 3 potions of berserk rage
 p - 2 potions of haste
 x - a potion of brilliance
 z - a potion of resistance {unknown}


   Skills:
 + Level 3.4 Fighting
 + Level 3.6 Armour
 + Level 6.0 Dodging
 + Level 6.2 Stealth
 * Level 9.0 Spellcasting
 * Level 6.8 Conjurations
 - Level 1.1 Transmutations
 * Level 7.8 Earth Magic


You had 22 spell levels left.
You knew the following spells:

 Your Spells              Type           Power      Damage    Failure   Level
a - Sandblast             Erth           100%       2d20      1%          1
b - Stone Arrow           Conj/Erth      100%       3d13      1%          3

Your spell library contained the following spells:

 Spells                   Type           Power      Damage    Failure   Level
 Passwall                 Tmut/Erth      45%        N/A       1%          2
 Petrify                  Tmut/Erth      55%        N/A       7%          4
 Frozen Ramparts          Ice            38%        1d5       12%         3
 Ozocubu's Armour         Ice            19%        N/A       12%         3
 Ice Form                 Ice/Tmut       24%        N/A       32%         4
 Summon Ice Beast         Ice/Summ       19%        N/A       38%         4
 Metabolic Englaciation   Hex/Ice        9%         N/A       75%         5
 Summon Mana Viper        Hex/Summ       19%        N/A       75%         5
 Simulacrum               Ice/Necr       9%         N/A       99%         6
 Monstrous Menagerie      Summ           9%         N/A       100%        7


Dungeon Overview and Level Annotations

Branches:
Dungeon (10/15)            Temple (1/1) D:6           Sewer (visited)
Ossuary (visited)
   Lair: D:8-11         Orc: D:9-12

Altars:
Ashenzari
Cheibriados
Elyvilon
Fedhas
Gozag
Hepliaklqana
Kikubaaqudgha
Makhleb
Nemelex Xobeh
Okawaru
Qazlal
Ru
Sif Muna
Trog
Uskayaw
Vehumet
Wu Jian
Xom
Yredelemnul
Zin
The Shining One

Annotations:
D:9 Pikel


Message History

The centaur warrior moves out of view.
The centaur warrior shouts!
You hear a shout!
The centaur warrior wields a +0 longbow.
The centaur warrior shoots an arrow.
The arrow closely misses you.
The centaur warrior shoots an arrow.
The arrow hits you!!
The centaur warrior shoots an arrow.
The arrow misses you.
You hear a shout!
Things that are here:
a +0 dagger; a +0 robe; a kobold corpse
Found a scroll of amnesia and 26 gold pieces.
The centaur warrior shoots an arrow.
The arrow hits you!!
* * * LOW HITPOINT WARNING * * *
Unknown command.
Okay, then.
Unknown command.
You feel much better.
The centaur warrior shoots an arrow.
The arrow closely misses you.
The centaur warrior shoots an arrow.
The arrow hits you!!
* * * LOW HITPOINT WARNING * * *
You hear a horrible gurgling sound!
Okay, then.
Casting: Sandblast (safe; 1% risk of failure)
Confirm with . or Enter, or press ? or * to list all spells.
Aiming: Stone Arrow (safe; 1% risk of failure)
Press: ? - help, Shift-Dir - straight line, f - centaur warrior
Aim: a centaur warrior, wielding a +0 longbow and quivering arrows (84% to hit)
You feel a surge of power!
The stone arrow hits the centaur warrior!!
The centaur warrior is heavily wounded.
The centaur warrior shoots an arrow.
The arrow misses you.
Casting: Stone Arrow (safe; 1% risk of failure)
Confirm with . or Enter, or press ? or * to list all spells.
Aiming: Stone Arrow (safe; 1% risk of failure)
Press: ? - help, Shift-Dir - straight line, f/p - centaur warrior
Aim: a centaur warrior, wielding a +0 longbow and quivering arrows (heavily wounded, 84% to hit)
You feel a surge of power!
The stone arrow hits the centaur warrior!
The centaur warrior is severely wounded.
The centaur warrior shoots an arrow.
The arrow hits you!!
You die...

#.....#.........###......#
#.....#..[.###...).[##
#.....##.)..#..†.....#
#..5..##.#..#..#..#..#
#.....##.#######..####
#........# #..#).#.?#
#.5...#... #........#
#5K...##...###....c.## ...
#.......@###.... ..
..........# ..... .
#......#.$# .#..#
####$..#### ..# ##.. .#
#$. #.


You could see a centaur warrior.

Vanquished Creatures
  A two-headed ogre (D:10)
  A kobold demonologist (D:9)
  Maggie (D:9)
  A hornet (D:7)
  A wyvern (D:9)
  An orc warrior (D:7)
  2 sky beasts (D:7)
  A necrophage (D:4)
  A black bear (D:6)
  A centaur (D:9)
  An ogre (D:4)
  2 lemures (D:9)
  A phantom (D:6)
  4 bullfrogs
  A killer bee (D:9)
  3 wights (D:9)
  A howler monkey (D:9)
  Crazy Yiuf (D:4)
  A hound (D:7)
  3 jellies
  5 orc priests
  2 centaur skeletons
  4 bullfrog skeletons
  5 iguanas
  Terence (D:3)
  8 orc wizards
  A killer bee zombie (D:7)
  A hound skeleton (D:4)
  4 mummies (Ossuary)
  Robin (D:4)
  2 howler monkey zombies
  A gnoll (D:1)
  2 howler monkey skeletons
  2 river rats (D:5)
  10 adders
  A shadow imp (D:3)
  An ufetubus (D:4)
  4 worms
  3 dart slugs
  15 orcs
  8 ball pythons
  5 bats
  9 endoplasms
  8 giant cockroaches
  3 gnoll zombies (Ossuary)
  12 goblins
  12 hobgoblins
  4 jackals (D:4)
  3 kobolds
  6 quokkas
  13 frilled lizards
  2 goblin zombies (Ossuary)
  2 kobold zombies (Ossuary)
  An orc zombie (Ossuary)
  6 rats
196 creatures vanquished.

Vanquished Creatures (others)
  7 fungi (D:10)
  6 plants (D:10)
13 creatures vanquished.

Grand Total: 209 creatures vanquished

Notes
Turn   | Place    | Note
-------+----------+-------------------------------------------
     0 | D:1      | Kaptain the Deep Elf Earth Elementalist began the quest for
                  | the Orb.
     0 | D:1      | Reached XP level 1. HP: 10/10 MP: 6/6
    96 | D:1      | Reached XP level 2. HP: 14/15 MP: 5/8
   334 | D:1      | Reached XP level 3. HP: 17/20 MP: 10/10
   424 | D:1      | Learned a level 3 spell: Stone Arrow
  1911 | D:2      | Reached skill level 1 in Conjurations
  1984 | D:3      | Reached XP level 4. HP: 24/24 MP: 6/11
  2223 | D:3      | Found Imesal's Distillery.
  2238 | D:3      | Noticed Terence
  2369 | D:3      | Killed Terence
  2370 | D:3      | Reached skill level 4 in Spellcasting
  2747 | D:4      | Noticed an ogre
  2776 | D:4      | Noticed a necrophage
  2779 | D:4      | Killed a necrophage
  2780 | D:4      | Reached skill level 1 in Fighting
  2780 | D:4      | Reached skill level 1 in Armour
  2780 | D:4      | Reached XP level 5. HP: 29/29 MP: 8/13
  2867 | D:4      | Killed an ogre
  2868 | D:4      | Reached XP level 6. HP: 34/34 MP: 5/15
  2969 | D:4      | Identified the +2 robe of the Playwright {rCorr Int+4
                  | Archmagi}
  3003 | D:4      | Reached skill level 5 in Spellcasting
  3240 | D:4      | Found a shimmering altar of Xom.
  3340 | D:4      | Found a runed translucent door.
  3341 | D:4      | Noticed Crazy Yiuf
  3346 | D:4      | Killed Crazy Yiuf
  3467 | D:4      | Noticed Robin
  3504 | D:4      | Killed Robin
  3693 | D:4      | Found an ornate altar of the Wu Jian Council.
  3850 | D:5      | Entered Level 5 of the Dungeon
  3858 | D:5      | Found a blossoming altar of Fedhas.
  3897 | D:5      | Found an iron altar of Okawaru.
  3993 | D:5      | Reached XP level 7. HP: 38/38 MP: 15/17
  4023 | D:5      | Found a glowing drain.
  4028 | Sewer    | Entered a sewer
  4356 | Sewer    | Reached skill level 5 in Earth Magic
  5074 | D:5      | Found a glowing golden altar of the Shining One.
  5301 | D:5      | Reached skill level 6 in Spellcasting
  5488 | D:6      | Found a sand-covered staircase.
  5499 | Ossuary  | Entered an ossuary
  5765 | D:6      | Reached XP level 8. HP: 44/44 MP: 15/19
  5846 | D:6      | Found a staircase to the Ecumenical Temple.
  5855 | Temple   | Entered the Ecumenical Temple
  6564 | D:6      | Found a hide-covered altar of Uskayaw.
  6837 | D:7      | Noticed a hornet
  6919 | D:7      | Reached skill level 7 in Spellcasting
  6920 | D:7      | Killed a hornet
  6921 | D:7      | Reached skill level 5 in Stealth
  6921 | D:7      | Reached skill level 5 in Conjurations
  7361 | D:7      | Reached skill level 5 in Dodging
  7401 | D:7      | Reached XP level 9. HP: 39/49 MP: 15/22
  7836 | D:8      | You fall into a shaft and drop 2 floors!
  7836 | D:10     | Entered Level 10 of the Dungeon
  7837 | D:10     | Noticed a two-headed ogre
  7844 | D:10     | Killed a two-headed ogre
  7845 | D:10     | Reached skill level 8 in Spellcasting
  8113 | D:9      | Found an ancient bone altar of Kikubaaqudgha.
  8223 | D:9      | Noticed Pikel
  8223 | D:9      | Noticed Maggie
  8234 | D:9      | Killed Maggie
  8450 | D:9      | Noticed a kobold demonologist
  8512 | D:9      | Killed a kobold demonologist
  8513 | D:9      | Reached skill level 9 in Spellcasting
  8513 | D:9      | Noticed a centaur warrior
  8598 | D:9      | Noticed a centaur warrior
  8606 | D:9      | Shot with an arrow by a centaur warrior

Illustrated notes

Levels and vault maps discovered:
D:1:      wheals_arrival_linesprint, layout_rooms, minmay_misc_feat_iff,
          minmay_unequal
D:2:      layout_loops_corners
D:3:      layout_basic, serial_shops, shop, serial_rivers,
          chequers_serial_rivers_micro_a, chequers_serial_rivers_small_b,
          chequers_serial_rivers_micro_d, chequers_serial_rivers_micro_c,
          uniq_terence
D:4:      layout_rooms, nicolae_wu_jian_immortal_techniques,
          mainiacjoe_overflow_alcove_1, uniq_crazy_yiuf_cottage, uniq_robin
D:5:      layout_basic, kennysheep_okawaru_gauntlet,
          mainiacjoe_overflow_alcove_4, mainiacjoe_overflow_six_doors_small,
          lightli_sewer_entry_pipes
D:6:      layout_cave_pools, mainiacjoe_overflow_24_doors,
          minmay_temple_entry_overgrown, lightli_ossuary_entry_decrepit_ruins,
          minmay_a_box_with_orc_wizards_in_it
D:7:      layout_basic
D:8:      layout_basic, mainiacjoe_overflow_brackets, special_room
          [special_room_orc], minmay_gold_behind_fungi, minmay_fountain_box
D:9:      hangedman_cross_cluster, layout_stronghold, kiku_gazebo_pond_becter,
          minivault_14, item_on_display_a, uniq_pikel, uniq_maggie
D:10:     layout_cave_pools, due_lair_maze_entry_diamond, hiddenorc1_lemuel,
          serial_bayou, serial_bayou_ford_a, serial_bayou_pond_b,
          serial_bayou_pond_d, serial_bayou_pond_d
Temple:   dpeg_chambers_temple

Skill      XL: |  1  2  3  4  5  6  7  8  9 |
---------------+----------------------------+-----
Conjurations   | 1 2 3 4 5 6 |  6.8
Stealth        | 3 4 5 6 |  6.2
Spellcasting   | 4 5 6 7 9 |  9.0
Fighting       | 1 2 3 |  3.4
Armour         | 1 2 3 |  3.6
Dodging        | 3 4 5 6 |  6.0
Earth Magic    | 4 5 6 7 |  7.8
Transmutations | |  1.1

Action                   |  1- 3 |  4- 6 |  7- 9 || total
-------------------------+-------+-------+-------++-------
Melee: Hand axe          |    17 |       |       ||    17
       Short sword       |       |     5 |       ||     5
       Mace              |       |    15 |    47 ||    62
       Punch             |       |     1 |       ||     1
 Cast: Sandblast         |    46 |    46 |   113 ||   205
       Stone Arrow       |       |    10 |    54 ||    64
  Use: Scroll            |     5 |     4 |     9 ||    18
       Potion            |       |       |     4 ||     4
 Stab: Sleeping          |     2 |     1 |       ||     3
       Distracted        |       |       |     1 ||     1
Armor: Robe              |     9 |    14 |    32 ||    55
       Leather armour    |    12 |     3 |       ||    15
Dodge: Dodged            |    27 |    22 |    68 ||   117
